[Event "The Elitserien 2024/25: round 1 - 3"]
[Site "Scandic Infra City, Kanalvagen 10, Upplands Vasby, Sweden"]
[Date "2024.10.05"]
[Round "2.20"]
[White "Arman, Deniz"]
[Black "Walinder, Lars"]
[Result "1-0"]
[TimeControl "90 minutes for 40 moves + 30 minutes for the rest of the game + 30 seconds per move from move one."]
[WhiteTitle "FM"]
[BlackTitle "FM"]
[WhiteFideId "6302106"]
[BlackFideId "1707329"]
[WhiteElo "2348"]
[BlackElo "2223"]

1. e4 e6 2. d4 d5 3. exd5 exd5 4. Bd3 Nc6 5. c3 Bd6 6. Nf3 Nge7 7. O-O Bg4 8. Re1 Qd7 9. Nbd2 O-O-O 10. b4 Rde8 11. Qa4 Kb8 12. b5 Nd8 13. Ne5 Bxe5 14. dxe5 Ng6 15. Nb3 Nxe5 16. Be3 b6 17. Nc5 Qd6 18.
Na6+ Kb7 19. Bf4 Bd7 20. Rad1 Qf6 21. Bf1 Re7 22. Re3 Rhe8 23. Bg3 Ng4 24. Rxe7 Rxe7 25. Nxc7 1-0

[Event "The Elitserien 2024/25: round 1 - 3"]
[Site "Scandic Infra City, Kanalvagen 10, Upplands Vasby, Sweden"]
[Date "2024.10.05"]
[Round "2.21"]
[White "Religa, Marek"]
[Black "Lindberg, Bengt"]
[Result "1/2-1/2"]
[TimeControl "90 minutes for 40 moves + 30 minutes for the rest of the game + 30 seconds per move from move one."]
[BlackTitle "IM"]
[WhiteFideId "1750208"]
[BlackFideId "1700359"]
[WhiteElo "2224"]
[BlackElo "2337"]

1. e4 c5 2. Nc3 Nc6 3. Bb5 Nd4 4. Nf3 e6 5. O-O a6 6. Bd3 Nc6 7. b3 d6 8. Bb2 Nf6 9. Re1 e5 10.
Nd5 Be7 11. c3 O-O 12. Bc2 Bg4 13. h3 Bh5 14. g4 Bg6 15. Nh2 Nxd5 16. exd5 Nb8 17. d4 Bxc2 18. Qxc2 exd4 19. cxd4 cxd4 20.
f4 Nd7 21. g5 f6 22. Qe4 Rf7 23. h4 Qf8 24. Bxd4 fxg5 25. fxg5 Ne5 26. Rf1 Re8 27. Rxf7 Qxf7 28. Bxe5 dxe5 29.
Rf1 Bc5+ 30. Kg2 Qd7 31. Rf5 Qc7 32. Ng4 Bd4 33. h5 Qc1 34. d6 Qc6 35. Qxc6 bxc6 36. Nxe5 Bxe5 37. d7 Rd8 38.
Rxe5 Rxd7 39. Ra5 Ra7 40. Rc5 Rc7 41. Ra5 Ra7 42. Kf3 Kf7 43. Rc5 Rc7 44. Ra5 Ra7 45. Ke4 Ke6 46. Kd4 Kd6 47.
b4 Rb7 48. Kc4 Rb5 1/2-1/2

[Event "The Elitserien 2024/25: round 1 - 3"]
[Site "Scandic Infra City, Kanalvagen 10, Upplands Vasby, Sweden"]
[Date "2024.10.05"]
[Round "2.22"]
[White "Rydstrom, Tom"]
[Black "Persson, Andreas"]
[Result "1-0"]
[TimeControl "90 minutes for 40 moves + 30 minutes for the rest of the game + 30 seconds per move from move one."]
[WhiteTitle "FM"]
[BlackTitle "CM"]
[WhiteFideId "1714830"]
[BlackFideId "1707957"]
[WhiteElo "2274"]
[BlackElo "2173"]

1. e4 c6 2. d4 d5 3. e5 c5 4. dxc5 e6 5. a3 Bxc5 6. Nf3 f6 7. b4 Be7 8. Bb2 a5 9. b5 Nd7 10.
c4 dxc4 11. Bxc4 Nxe5 12. Qxd8+ Bxd8 13. Nxe5 fxe5 14. O-O Nh6 15. Bxe5 O-O 16. Nd2 Ng4 17. Bd6 Bf6 18. Rad1 Re8 19.
Ne4 Bd8 20. Rfe1 h6 21. Bg3 Be7 22. Nd6 Bxd6 23. Rxd6 Kf7 24. a4 Nf6 25. Be5 Nd7 26. Bd4 Nf8 27. f4 g6 28. g4 Re7 29.
f5 gxf5 30. gxf5 Ke8 31. fxe6 Rc7 32. Bf6 1-0

[Event "The Elitserien 2024/25: round 1 - 3"]
[Site "Scandic Infra City, Kanalvagen 10, Upplands Vasby, Sweden"]
[Date "2024.10.05"]
[Round "2.23"]
[White "Ostling, Hakan"]
[Black "Sevastianov, Andrii"]
[Result "1/2-1/2"]
[TimeControl "90 minutes for 40 moves + 30 minutes for the rest of the game + 30 seconds per move from move one."]
[WhiteFideId "1708635"]
[BlackFideId "1730240"]
[WhiteElo "2138"]
[BlackElo "2160"]

1. f4 c5 2. Nf3 Nc6 3. d3 g6 4. g3 Bg7 5. Bg2 d6 6. O-O e5 7. Nc3 Nge7 8. e4 O-O 9. Be3 Nd4 10.
Qd2 Bg4 11. Nh4 exf4 12. Rxf4 Qd7 13. Rf2 Bh3 14. Bxh3 Qxh3 15. Ng2 Qd7 16. Nf4 f5 17. Raf1 fxe4 18. dxe4 Ne6 19. Nfd5 Rxf2 20. Rxf2 Rf8 21. Nxe7+ Qxe7 22. Nd5 Qe8 23.
c3 Rxf2 24. Qxf2 Qf7 25. Kg2 Qxf2+ 26. Kxf2 Kf7 27. a4 Nd8 28. Bf4 Bf8 29. Ke2 Ke6 30. Nc7+ Kd7 31. Nd5 Bg7 32. Bg5 Nc6 33.
Nf6+ Bxf6 34. Bxf6 a6 35. Kd3 Ke6 36. Bg7 1/2-1/2

[Event "The Elitserien 2024/25: round 1 - 3"]
[Site "Scandic Infra City, Kanalvagen 10, Upplands Vasby, Sweden"]
[Date "2024.10.05"]
[Round "2.24"]
[White "Lindborg, Patrik"]
[Black "Naslund, Mikael"]
[Result "1/2-1/2"]
[TimeControl "90 minutes for 40 moves + 30 minutes for the rest of the game + 30 seconds per move from move one."]
[BlackTitle "FM"]
[WhiteFideId "1707507"]
[BlackFideId "1708260"]
[WhiteElo "2124"]
[BlackElo "2107"]

1. d4 Nf6 2. c4 e6 3. Nf3 d5 4. Nc3 c5 5. cxd5 exd5 6. g3 Nc6 7. Bg2 Be7 8. O-O O-O 9. Bg5 c4 10.
a4 h6 11. Bf4 a6 12. Ne5 Bf5 13.
Nxc6 bxc6 14. a5 g5 15. Bd2 Rb8 16. Na4 Re8 17. Bc3 Bf8 18. Nc5 Qc8 19. Re1 Ne4 20. Nxe4 Bxe4 21. f3 Bf5 22.
e4 Be6 23. f4 dxe4 24. Bxe4 Bd5 25. Bxd5 Rxe1+ 26. Qxe1 cxd5 27. fxg5 hxg5 28. Qe5 Qd8 29. Re1 Bg7 30. Qf5 Rb7 31.
Kg2 Re7 32. Rxe7 Qxe7 33. Qxd5 Qe2+ 34. Kg1 Qe3+ 35. Kf1 Qd3+ 36. Kf2 Qc2+ 37. Kg1 Qd1+ 38. Kf2 Qc2+ 39. Kg1 Qd1+ 1/2-1/2

[Event "The Elitserien 2024/25: round 1 - 3"]
[Site "Scandic Infra City, Kanalvagen 10, Upplands Vasby, Sweden"]
[Date "2024.10.05"]
[Round "2.25"]
[White "Hellers, Ferdinand"]
[Black "Ernst, Sipke"]
[Result "0-1"]
[TimeControl "90 minutes for 40 moves + 30 minutes for the rest of the game + 30 seconds per move from move one."]
[WhiteTitle "GM"]
[BlackTitle "GM"]
[WhiteFideId "1700022"]
[BlackFideId "1004689"]
[WhiteElo "2589"]
[BlackElo "2509"]

1. e4 e5 2. Nf3 Nc6 3. Bb5 a6 4. Ba4 Nf6 5. O-O d6 6. c3 Bd7 7. d4 Be7 8. Re1 O-O 9. h3 Re8 10.
d5 Na7 11. c4 b5 12. cxb5 axb5 13. Bb3 Nc8 14. Na3 Nb6 15. Qd3 Na4 16. Bxa4 bxa4 17. Bd2 c6 18. dxc6 Bxc6 19. Nc2 Bb7 20.
Bg5 Bxe4 21. Rxe4 Nxe4 22. Bxe7 Nc5 23. Bxd8 Nxd3 24. Bh4 Rec8 25. Ne3 f6 26. Nd2 Rc1+ 27. Rxc1 Nxc1 28. Ndc4 Nxa2 29.
Nxd6 Nc1 30. f4 exf4 31. Nec4 Nd3 32. Bf2 Nxb2 33. Nxb2 a3 34. Nbc4 a2 35. Bd4 a1=Q+ 36. Bxa1 Rxa1+ 37. Kf2 Rc1 38. h4 Rc3 39. Nd2 Rd3 40. N2e4 Rd5 41. Kf3 f5 42. Kxf4 fxe4 43. Nxe4 Kf7 44. g4 g6 45. Ng3 Rd4+ 46.
Kf3 Ke6 47. Ne4 Ke5 0-1

[Event "The Elitserien 2024/25: round 1 - 3"]
[Site "Scandic Infra City, Kanalvagen 10, Upplands Vasby, Sweden"]
[Date "2024.10.05"]
[Round "2.26"]
[White "Holm, Kristian Stuvik"]
[Black "Amin, Bassem"]
[Result "0-1"]
[TimeControl "90 minutes for 40 moves + 30 minutes for the rest of the game + 30 seconds per move from move one."]
[WhiteTitle "IM"]
[BlackTitle "GM"]
[WhiteFideId "1508083"]
[BlackFideId "10601457"]
[WhiteElo "2480"]
[BlackElo "2636"]

1. e4 e5 2. Nf3 Nc6 3. Nc3 Nf6 4. d4 exd4 5. Nxd4 Bb4 6. Nxc6 bxc6 7. Bd3 d5 8. exd5 O-O 9. O-O cxd5 10.
Bg5 c6 11. Qf3 h6 12. Bxf6 Qxf6 13. Qxf6 gxf6 14. Ne2 Rb8 15. b3 Re8 16. Rad1 Bg4 17. f3 Bd7 18. c4 Re5 19. Kh1 a5 20.
Nf4 d4 21. Be4 c5 22. Nd3 Re7 23. Nf4 Re5 24. Nd3 Ree8 25. Nxb4 axb4 26. Rfe1 f5 27. Bd3 Ra8 28. Bb1 f4 29.
Rxe8+ Rxe8 30. Be4 Kg7 31. Kg1 Kf6 32.
Kf2 Bf5 33. Bxf5 Kxf5 34. g4+ Kf6 35. h4 Re3 36. Re1 Rxe1 37. Kxe1 Ke5 38. Kd2 f5 39. g5 hxg5 40. hxg5 Ke6 41.
Kc2 Kf7 42. Kb2 Kg6 43. a4 bxa3+ 44. Kxa3 Kxg5 45. Kb2 Kf6 46. Kc2 Ke6 47. Kd3 Kd6 0-1

[Event "The Elitserien 2024/25: round 1 - 3"]
[Site "Scandic Infra City, Kanalvagen 10, Upplands Vasby, Sweden"]
[Date "2024.10.05"]
[Round "2.27"]
[White "Cramling, Pia"]
[Black "Pantzar, Milton"]
[Result "0-1"]
[TimeControl "90 minutes for 40 moves + 30 minutes for the rest of the game + 30 seconds per move from move one."]
[WhiteTitle "GM"]
[BlackTitle "IM"]
[WhiteFideId "1700030"]
[BlackFideId "1721003"]
[WhiteElo "2425"]
[BlackElo "2437"]

1. d4 d5 2. c4 e6 3. Nf3 Nf6 4. Nc3 c6 5. Bg5 Nbd7 6. e3 Be7 7. Qc2 O-O 8. Rd1 h6 9. Bh4 a6 10.
a3 b6 11. Bd3 Bb7 12. O-O c5 13. cxd5 Nxd5 14. Bxe7 Qxe7 15. Nxd5 Bxd5 16. e4 Bb7 17. d5 b5 18. d6 Qf6 19.
Rfe1 e5 20. Qc3 Rac8 21. a4 b4 22. Qb3 Rc6 23. Bc4 Rxd6 24. Rxd6 Qxd6 25. Rd1 Qc7 26. Qd3 Nb6 27. Bxa6 c4 28.
Qd2 Bxa6 29. Qxb4 Nc8 30. h3 Re8 31. Rd5 Qb6 32. Qxb6 Nxb6 33. Ra5 Bc8 34. Nxe5 f6 35. Nf3 Rxe4 36.
Rc5 c3 37. bxc3 Rxa4 38. Rc6 Ra1+ 39. Kh2 Ra6 40. Nd4 Bd7 41. Rc7 Kf8 42. c4 Ra4 43. c5 Rxd4 44. cxb6 Ke7 45. Ra7 Rb4 46.
b7 Kd6 0-1

[Event "The Elitserien 2024/25: round 1 - 3"]
[Site "Scandic Infra City, Kanalvagen 10, Upplands Vasby, Sweden"]
[Date "2024.10.05"]
[Round "2.28"]
[White "Storme, Isak"]
[Black "Grigorov, Grigor"]
[Result "1/2-1/2"]
[TimeControl "90 minutes for 40 moves + 30 minutes for the rest of the game + 30 seconds per move from move one."]
[WhiteTitle "IM"]
[BlackTitle "GM"]
[WhiteFideId "1728113"]
[BlackFideId "2907313"]
[WhiteElo "2447"]
[BlackElo "2514"]

1. d4 Nf6 2. Bg5 d5 3. Nd2 Nbd7 4. e3 e5 5. dxe5 Nxe5 6. Ngf3 Nxf3+ 7. Nxf3 Be7 8. Be2 O-O 9. O-O c6 10.
c4 Bg4 11. h3 Bxf3 12. Bxf3 dxc4 13. Qc2 Nd7 14. Bf4 Qa5 15. Qxc4 Ne5 1/2-1/2

[Event "The Elitserien 2024/25: round 1 - 3"]
[Site "Scandic Infra City, Kanalvagen 10, Upplands Vasby, Sweden"]
[Date "2024.10.05"]
[Round "2.29"]
[White "Cramling, Dan"]
[Black "Kucuksari, Kaan"]
[Result "1/2-1/2"]
[TimeControl "90 minutes for 40 moves + 30 minutes for the rest of the game + 30 seconds per move from move one."]
[WhiteTitle "IM"]
[BlackTitle "IM"]
[WhiteFideId "1700162"]
[BlackFideId "6380166"]
[WhiteElo "2317"]
[BlackElo "2455"]

1. d4 Nf6 2. c4 e6 3. Nc3 Bb4 4. e3 O-O 5. Bd3 d5 6. Nf3 dxc4 7. Bxc4 c5 8. a3 Bxc3+ 9. bxc3 Qc7 10.
Be2 b6 11. O-O Ba6 12. Bxa6 Nxa6 13. Qe2 Nb8 14. e4 cxd4 15. cxd4 Nbd7 16. Bb2 Rac8 17. Rac1 Qb7 18. Nd2 h6 19.
a4 Rc6 20. f3 Rfc8 21. Rxc6 Rxc6 22. Rc1 Rxc1+ 23. Bxc1 a6 24. Nc4 b5 25. axb5 Qxb5 26. Qa2 Nb6 27. Nxb6 Qxb6 28. Qb2 Qc6 29.
Bd2 Ne8 30. Qc3 Qd7 31. Qc5 Nc7 32. Ba5 Nb5 33. Bb6 f6 34. Kf2 Kf7 35. Ke3 Nd6 36. Kd3 Nc8 37. Kc3 Nxb6 38. Qxb6 Qa4 39.
Qb7+ Kg6 40. Qb3 Qa1+ 41. Qb2 Qg1 42. Qa2 Qc1+ 43. Kb4 Qc6 44. Qa5 Qd6+ 45. Kc4 Qxh2 46. d5 exd5+ 47. exd5 Qxg2 48.
d6 Qe2+ 49. Kd4 Qb2+ 50. Ke4 Qe2+ 51. Kd4 Qb2+ 52. Ke4 Qe2+ 53. Kd4 1/2-1/2

[Event "The Elitserien 2024/25: round 1 - 3"]
[Site "Scandic Infra City, Kanalvagen 10, Upplands Vasby, Sweden"]
[Date "2024.10.05"]
[Round "2.30"]
[White "Smith, Axel"]
[Black "Wedberg, Tom"]
[Result "1-0"]
[TimeControl "90 minutes for 40 moves + 30 minutes for the rest of the game + 30 seconds per move from move one."]
[WhiteTitle "GM"]
[BlackTitle "GM"]
[WhiteFideId "1707930"]
[BlackFideId "1700073"]
[WhiteElo "2430"]
[BlackElo "2373"]

1. e4 e5 2. Nf3 Nc6 3. Bc4 Nf6 4. Ng5 d5 5. exd5 Na5 6. Bb5+ c6 7. dxc6 bxc6 8. Bd3 Nd5 9. Nf3 Bd6 10.
O-O O-O 11. Re1 f5 12. Nxe5 Qf6 13. Nf3 g5 14. g3 f4 15. Nc3 fxg3 16. hxg3 Nxc3 17. dxc3 Bg4 18. Bxg5 Qxf3 19. Qxf3 Bxf3 20.
Re6 Nb7 21. Rae1 Bg4 22. Rh6 Bf5 23. Ba6 Bc5 24. Bxb7 Rab8 25. Bxc6 Rxb2 26. Bd5+ Kg7 27. Rc6 Bxf2+ 28. Kxf2 Be6+ 29.
Kg1 Bxd5 30. Bh6+ Kg8 31. Rd6 Rf5 32. g4 1-0

[Event "The Elitserien 2024/25: round 1 - 3"]
[Site "Scandic Infra City, Kanalvagen 10, Upplands Vasby, Sweden"]
[Date "2024.10.05"]
[Round "2.31"]
[White "Bellon Lopez, Juan Manuel"]
[Black "Sjodahl, Pontus"]
[Result "0-1"]
[TimeControl "90 minutes for 40 moves + 30 minutes for the rest of the game + 30 seconds per move from move one."]
[WhiteTitle "GM"]
[BlackTitle "IM"]
[WhiteFideId "2200031"]
[BlackFideId "1700537"]
[WhiteElo "2266"]
[BlackElo "2428"]

1. d4 d5 2. Nf3 Nf6 3. e3 g6 4. c4 Bg7 5. Nc3 O-O 6. Bd2 c5 7. dxc5 Na6 8. cxd5 Nxc5 9. Bc4 a6 10.
b4 Nce4 11. Rc1 b5 12. Bb3 Bb7 13. O-O Qd6 14. a3 Rfd8 15. Qe2 Nxd2 16. Qxd2 Nxd5 17. Ne4 Qb8 18. Nc5 e6 19. Rfd1 Bf6 20.
Nd4 Nb6 21. Qa2 Bxd4 22. Nxb7 Qxb7 23. exd4 Rd6 24. Qe2 Rad8 25. Qe5 Qd7 26. h3 Nd5 27. Bxd5 Rxd5 28. Qf6 Rf5 29. Qh4 Qd6 30.
Rc5 Rf4 31. Qg5 Rxd4 32. Rxd4 Qxd4 33. Rc6 Rd5 34. Qe7 Kg7 35. Rxe6 Rf5 36. Re2 {White
flag fell on move 36.} 0-1

[Event "The Elitserien 2024/25: round 1 - 3"]
[Site "Scandic Infra City, Kanalvagen 10, Upplands Vasby, Sweden"]
[Date "2024.10.05"]
[Round "2.32"]
[White "Mauritsson, Sebastian"]
[Black "Ostlund, Joar"]
[Result "0-1"]
[TimeControl "90 minutes for 40 moves + 30 minutes for the rest of the game + 30 seconds per move from move one."]
[WhiteTitle "FM"]
[BlackTitle "FM"]
[WhiteFideId "1707892"]
[BlackFideId "1735020"]
[WhiteElo "2398"]
[BlackElo "2335"]

1. e4 e5 2. Nf3 Nc6 3. d4 exd4 4. Nxd4 Nf6 5. Nxc6 bxc6 6. e5 Qe7 7. Qe2 Nd5 8. h4 Qe6 9. g3 d6 10.
c4 Nb6 11. Bg2 dxe5 12. b3 Be7 13. Bb2 f6 14. Nd2 O-O 15. O-O a5 16. Rfe1 Re8 17. Kh1 a4 18. f4 axb3 19. axb3 Rxa1 20.
Bxa1 Bb4 21. fxe5 Qg4 22. Qf2 Bxd2 23. Qxd2 Qxg3 24. Bxc6 Qxh4+ 25. Kg1 Qg3+ 26. Kh1 fxe5 27. c5 Qh4+ 28.
Kg1 Rd8 29. Qe3 Qg4+ 30. Kh2 Qh4+ 31. Kg1 Qg4+ 32. Kh2 Nd5 33. Qxe5 Nf6 34. Qe3 Qg6 35. Bf3 Ng4+ 36. Bxg4 Bxg4 37.
Bc3 Rf8 38. Qe4 Rf2+ 39. Kg3 Bf5+ 0-1

[Event "The Elitserien 2024/25: round 1 - 3"]
[Site "Scandic Infra City, Kanalvagen 10, Upplands Vasby, Sweden"]
[Date "2024.10.05"]
[Round "2.33"]
[White "Hammer, Jon Ludvig"]
[Black "Lyrberg, Patrik"]
[Result "1-0"]
[TimeControl "90 minutes for 40 moves + 30 minutes for the rest of the game + 30 seconds per move from move one."]
[WhiteTitle "GM"]
[BlackTitle "IM"]
[WhiteFideId "1503707"]
[BlackFideId "1701975"]
[WhiteElo "2595"]
[BlackElo "2436"]

1. d4 Nf6 2. c4 e6 3. Nc3 Bb4 4. e3 d5 5. a3 Bxc3+ 6. bxc3 Ne4 7. Bd3 Nxc3 8. Qc2 Ne4 9. cxd5 exd5 10.
Bxe4 dxe4 11. Qxe4+ Be6 12. Ne2 O-O 13. Qxb7 Bd5 14. Qb1 Bxg2 15. Rg1 Bf3 16. Qf5 Qd5 17. Qxd5 Bxd5 18. Nc3 c6 19.
e4 Re8 20. f3 Nd7 21. Bh6 g6 22. Kf2 Be6 23. Bf4 f5 24. Bd6 fxe4 25. fxe4 Nb6 26. Rab1 Nc4 27. Bc5 a5 28. Rb7 Bc8 29.
Rc7 Ba6 30. Rxc6 Bb7 31. Rc7 Bxe4 32. Re1 Bd3 33. Nd5 Rxe1 34. Nf6+ Kh8 35. Rxh7# 1-0

[Event "The Elitserien 2024/25: round 1 - 3"]
[Site "Scandic Infra City, Kanalvagen 10, Upplands Vasby, Sweden"]
[Date "2024.10.05"]
[Round "2.34"]
[White "Cicak, Slavko"]
[Black "Neiksans, Arturs"]
[Result "1/2-1/2"]
[TimeControl "90 minutes for 40 moves + 30 minutes for the rest of the game + 30 seconds per move from move one."]
[WhiteTitle "GM"]
[BlackTitle "GM"]
[WhiteFideId "1700588"]
[BlackFideId "11601388"]
[WhiteElo "2499"]
[BlackElo "2571"]

1. Nf3 d5 2. e3 Nf6 3. b3 Bf5 4. Ba3 Nbd7 5. c4 e6 6. Bxf8 Nxf8 7. Be2 N8d7 8. Nh4 Bxb1 9. Rxb1 O-O 10.
cxd5 exd5 11. b4 c6 12. Nf3 Ne4 13. Qc2 Qe7 14. O-O a6 15. a4 Rac8 16. Rfc1 g6 17. Qb2 Rfe8 18. Rc2 Nd6 19.
Rbc1 Nb6 20. Qb3 Nbc4 21. Bf1 Rc7 22. d3 Nb6 23. b5 axb5 24. axb5 Nxb5 25. d4 Rec8 26. Ne1 Kg7 27. g3 Nc4 28.
Bxc4 dxc4 29. Rxc4 Nd6 30. Rc5 Qf6 1/2-1/2

[Event "The Elitserien 2024/25: round 1 - 3"]
[Site "Scandic Infra City, Kanalvagen 10, Upplands Vasby, Sweden"]
[Date "2024.10.05"]
[Round "2.35"]
[White "Blomqvist, Erik"]
[Black "Von Bahr, Oskar"]
[Result "1-0"]
[TimeControl "90 minutes for 40 moves + 30 minutes for the rest of the game + 30 seconds per move from move one."]
[WhiteTitle "GM"]
[BlackTitle "IM"]
[WhiteFideId "1709437"]
[BlackFideId "1703250"]
[WhiteElo "2491"]
[BlackElo "2370"]

1. e4 e5 2. Nf3 Nc6 3. Bb5 a6 4. Ba4 Nf6 5. O-O Be7 6. Re1 b5 7. Bb3 O-O 8. a4 b4 9. a5 d6 10.
c3 Rb8 11. Bc4 bxc3 12. dxc3 Be6 13. Bxa6 Nd7 14. b4 Bf6 15. Na3 Ne7 16. Ng5 Bxg5 17. Bxg5 f6 18. Be3 f5 19. exf5 Nxf5 20.
Bc4 Bxc4 21. Nxc4 Qh4 22. Qe2 Nf6 23. f3 Rbe8 24. Bf2 Qg5 25. Ne3 e4 26. Nxf5 Qxf5 27. a6 Kh8 28. a7 Qd5 29.
Bd4 Qc6 30. fxe4 Rxe4 31. Qf3 d5 32. Rxe4 dxe4 33. Qf5 Ra8 34. h3 Kg8 35. Ra5 Re8 36. Rc5 Qd6 37. Re5 Ra8 38. Re6 Qd8 39.
g4 1-0

[Event "The Elitserien 2024/25: round 1 - 3"]
[Site "Scandic Infra City, Kanalvagen 10, Upplands Vasby, Sweden"]
[Date "2024.10.05"]
[Round "2.36"]
[White "Eriksson, Johan"]
[Black "Seo, Jung Min"]
[Result "0-1"]
[TimeControl "90 minutes for 40 moves + 30 minutes for the rest of the game + 30 seconds per move from move one."]
[WhiteTitle "IM"]
[BlackTitle "IM"]
[WhiteFideId "1702564"]
[BlackFideId "1734687"]
[WhiteElo "2389"]
[BlackElo "2505"]

1. d4 Nf6 2. c4 e6 3. Nc3 Bb4 4. Qc2 b6 5. a3 Bxc3+ 6. Qxc3 Bb7 7. Nf3 O-O 8. Bg5 d6 9. Nd2 c5 10.
dxc5 bxc5 11. e3 Nbd7 12. f3 a5 13. Bd3 Qb6 14. O-O Bc6 15. Rfe1 Rab8 16. Rab1 Rfe8 17. Kh1 h6 18. Bh4 a4 19.
Bc2 d5 20. Bf2 Qa7 21. h3 Rbd8 22. Rbd1 Qb6 23. Rb1 Qa7 24. Red1 Rb8 25. Kg1 Red8 26. Nf1 Qa6 27. cxd5 Nxd5 28.
Qd2 N5f6 29. Ng3 Bd5 30. Qc3 Bb3 31. e4 Rdc8 32. Rd2 Bxc2 33. Qxc2 Ne5 34. Qc3 Nc4 35. Rc2 Na5 36. Ne2 Rb3 37.
Qe1 Nc4 38. Nc3 Ne5 39. Qf1 c4 40. Bd4 Nfd7 41. Na2 Qd6 42. Bc3 Nd3 43. Nc1 Nxc1 44. Rbxc1 Ne5 45. Bxe5 Qxe5 46. Rxc4 Rxc4 47.
Rxc4 Rxb2 48. Rxa4 Qc5+ 49. Kh2 Rf2 50. Qg1 Qe3 51. Rb4 Qxf3 52. e5 Qe2 53. Re4 Qxe4 54. Qxf2 Qxe5+ 55. g3 Qa5 56.
Qe3 Qb5 57. h4 h5 58. Qd2 e5 59. Qc2 g6 60. a4 Qa5 61. Qe4 Kg7 62. Kh3 Qc5 63. Kg2 Kf6 64. Qa8 Ke6 65. Qe8+ Qe7 66.
Qc6+ Qd6 67. Qe8+ Kf6 68. Qa8 Qd2+ 69. Kh3 Qd7+ 70. Kg2 Ke6 71. Kh2 Qd2+ 72. Kh3 Qd5 73. Qe8+ Kf5 74. Kh2 Kf6 75.
Kg1 Qd1+ 76. Kh2 Qd2+ 77. Kh3 Qd5 78. Kh2 e4 79. Qh8+ Ke7 80. Qc3 Qa2+ 81. Kh1 Qxa4 82. Qe5+ Kd8 83.
Qd6+ Qd7 84. Qb8+ Ke7 85. Qb4+ Kf6 86. Kh2 Qe7 87. Qc3+ Qe5 88. Qe3 Kg7 89. Kg1 Qa1+ 90. Kh2 Qa2+ 91.
Kh3 Qc4 92. Kh2 Qc2+ 93. Kh3 Qd3 94. Qf4 Qf3 95. Qe5+ Kh7 0-1

[Event "The Elitserien 2024/25: round 1 - 3"]
[Site "Scandic Infra City, Kanalvagen 10, Upplands Vasby, Sweden"]
[Date "2024.10.05"]
[Round "2.37"]
[White "Trost, Edvin"]
[Black "Henriksson, Johan"]
[Result "1-0"]
[TimeControl "90 minutes for 40 moves + 30 minutes for the rest of the game + 30 seconds per move from move one."]
[WhiteTitle "IM"]
[BlackTitle "FM"]
[WhiteFideId "1729519"]
[BlackFideId "1703560"]
[WhiteElo "2433"]
[BlackElo "2321"]

1. e4 c6 2. Nf3 d5 3. d3 dxe4 4. dxe4 Qxd1+ 5. Kxd1 Bg4 6. Be2 Nd7 7. Ne1 Bxe2+ 8. Kxe2 e5 9. Nd3 Bd6 10.
a4 Nc5 11. Nxc5 Bxc5 12. Nd2 Nf6 13. f3 Nd7 14. Nb3 Ke7 15. Rd1 Bb6 16. a5 Bc7 17. Be3 b6 18. Ra4 b5 19. Raa1 Rhd8 20.
Rd3 Nf8 21. Rc3 Bd6 22. Rxc6 Rdc8 23. Rxc8 Rxc8 24. Rc1 a6 25. c4 bxc4 26. Nd2 Rb8 27. Nxc4 Rb5 28. Rd1 Bb4 29. Rd5 Rxd5 30.
exd5 Nd7 31. Bd2 Bd6 32. Kd3 Nc5+ 33. Kc3 Nb7 34. Be3 f6 35. b4 Kd7 36. b5 Nxa5 37. bxa6 Nxc4 38. Kxc4 Kc7 39.
Bc5 1-0

[Event "The Elitserien 2024/25: round 1 - 3"]
[Site "Scandic Infra City, Kanalvagen 10, Upplands Vasby, Sweden"]
[Date "2024.10.05"]
[Round "2.38"]
[White "Aronsson, Marten"]
[Black "Barkhagen, Jonas"]
[Result "1/2-1/2"]
[TimeControl "90 minutes for 40 moves + 30 minutes for the rest of the game + 30 seconds per move from move one."]
[WhiteTitle "FM"]
[BlackTitle "IM"]
[WhiteFideId "1724223"]
[BlackFideId "1700855"]
[WhiteElo "2310"]
[BlackElo "2413"]

1. d4 d5 2. Nf3 Nf6 3. c4 c6 4. Nc3 e6 5. Bg5 h6 6. Bxf6 Qxf6 7. Qb3 Nd7 8. e3 g6 9. Bd3 Bg7 10.
Qa3 Bf8 11. Qb3 Qe7 12. O-O Bg7 13. cxd5 exd5 14. e4 dxe4 15. Rfe1 O-O 16. Nxe4 Nb6 17. Nc5 Qd6 18. Rad1 Rb8 19.
h3 Rd8 20. Bc2 Nd5 21. Qa4 b6 22. Ne4 Qc7 23. Rc1 Be6 24. Bb1 Ne7 25. Nc3 a5 26. Be4 Qd6 27. Qc2 Rbc8 28. Rcd1 Qb4 29.
a3 Qd6 30. Na4 Rb8 31. Nc3 Rbc8 32. Na4 Rb8 33. Nc3 Qf4 34. Ne2 Qf6 35. b4 axb4 36. axb4 Bf5 37. Ng3 Bxe4 38. Nxe4 Qf5 39.
Qe2 Nd5 40. Qc4 Re8 41. Ng3 Rxe1+ 1/2-1/2

[Event "The Elitserien 2024/25: round 1 - 3"]
[Site "Scandic Infra City, Kanalvagen 10, Upplands Vasby, Sweden"]
[Date "2024.10.05"]
[Round "2.39"]
[White "Wiedenkeller, Michael"]
[Black "Jonsson, Mikael"]
[Result "1/2-1/2"]
[TimeControl "90 minutes for 40 moves + 30 minutes for the rest of the game + 30 seconds per move from move one."]
[WhiteTitle "IM"]
[WhiteFideId "1700146"]
[BlackFideId "1702041"]
[WhiteElo "2406"]
[BlackElo "2176"]

1. d4 d5 2. c4 c6 3. cxd5 cxd5 4. Bf4 Nc6 5. e3 Nf6 6. Bb5 Bd7 7. Nc3 e6 8. Nf3 Ne4 9. O-O Nxc3 10.
bxc3 Be7 11. c4 a6 12. Bxc6 Bxc6 13. Ne5 dxc4 14. Nxc6 bxc6 15. Qa4 O-O 16. Qxc4 Qa5 17. Qxc6 Rac8 18.
Qb7 Ba3 19. Rab1 Rc2 20. Rb6 Rxa2 21. Rxa6 Qc3 22. h3 Re2 23. Ra8 Re1 24. Rxe1 Qxe1+ 25. Kh2 Qb4 26. Qxb4 Bxb4 27. Ra4 Be7 28. e4 Rd8 29. Be3 Bd6+ 30.
g3 Kf8 31. Kg2 Ke8 32. Kf3 h5 33. Bf4 Be7 34. Bc7 Rc8 35. Ra7 g6 36. d5 exd5 37. exd5 Bc5 38. Rb7 Ra8 39. Bf4 Ra1 40.
Rc7 Bb6 41. Rb7 Bd8 42. h4 Rd1 43. d6 Bf6 44. Ke3 Rd5 45. Rb4 Kd7 46. Ke4 Rd1 47. Rb8 Rd4+ 48. Ke3 Rd1 49. Rb3 Rd5 50.
Rd3 Rxd3+ 51. Kxd3 Bb2 52. f3 Ba3 53. Ke4 Bxd6 54. Bxd6 Kxd6 55. Kf4 f6 56. g4 hxg4 57.
fxg4 Ke6 58. h5 gxh5 59. gxh5 Kf7 60. Ke4 1/2-1/2